AoeStats
← TR-68

Black Forest

506682147Analyzed
1v1 RM · 18d ago on Sep 14, 2026· 24m 24s· 2 players
Game mode
Random Map
Map size
Tiny (2 player)
Population
200
Speed
Normal
Resources
Standard
Victory
Conquest
Starting age
Dark Age
Ending age
Imperial Age
RankedLock teamsTeams togetherTeam positionsShared explorationLock speedFull tech treeHidden civsTurbo modeCheats
Victory
Defeat
🇳🇱 Vietnamese · Netherlands
688
+33
🇨🇿 Teutons · Czechia
647
-14
E=mc²
0:41 Loom
13:03 Feudal Age
16:16 Wheelbarrow
24:00 Double-Bit Axe
23:58 Horse Collar
TR-68
0:43 Loom
10:27 Feudal Age
10:55 Double-Bit Axe
12:53 Horse Collar
24:12 Castle Age
22:31 Man-at-Arms
23:13 Padded Archer Armor
Connection lost

Rejoining the realm…

Still unreachable

The connection could not be restored.

Session expired

The server has moved on; the page needs a fresh start.